 Dungeon Crawl Stone Soup version 0.27.1-34-g3ba077fa99 (webtiles) character file.

Game seed: 8143707577761415689

189 Kaptain the Digger (level 5, 0/29 HPs)
             Began as a Gargoyle Earth Elementalist on Jan 25, 2022.
             Killed from afar by Blork the orc (12 damage)
             ... with a puff of flame
             ... on level 4 of the Dungeon.
             The game lasted 00:08:56 (3586 turns).

Kaptain the Digger (Gargoyle Earth Elementalist)    Turns: 3586, Time: 00:08:56

Health: 0/29       AC:  8    Str: 11    XL:     5   Next: 68%
Magic:  1/9        EV: 11    Int: 17    God:
Gold:   156        SH:  0    Dex: 10    Spells: 3/10 levels left

rFire    . . .     SeeInvis .   e - staff of conjuration
rCold    . . .     Faith    .   (no shield)
rNeg     + . .     Spirit   .   i - +0 leather armour
rPois    ∞         Reflect  .   (no helmet)
rElec    +         Harm     .   (no cloak)
rCorr    .         Rampage  .   k - +0 pair of gloves
Will     .....                  (no boots)
Stlth    ++........             (no amulet)
HPRegen  0.09/turn              g - ring of wizardry
MPRegen  0.11/turn              (no ring)

@: no status effects
A: sickness immunity, AC +4, negative energy resistance 1, electricity
resistance, torment resistance 1, petrification resistance
a: no special abilities


You were on level 4 of the Dungeon.
You visited 1 branch of the dungeon, and saw 4 of its levels.

You collected 156 gold pieces.

Inventory:

Hand Weapons
 a - a +0 mace
Armour
 i - a +0 leather armour (worn)
 k - a +0 pair of gloves (worn)
Magical Staves
 e - a staff of conjuration (weapon)
Jewellery
 g - a ring of wizardry (left hand)
Scrolls
 b - 2 scrolls of noise {unknown}
 c - 2 scrolls of identify
 j - a scroll of teleportation
Potions
 d - 2 potions of flight
 f - a potion of attraction {unknown}
 h - a potion of mutation {unknown}


   Skills:
 + Level 1.3 Fighting
 + Level 1.5 Armour
 + Level 2.1 Dodging
 + Level 3.0 Stealth
 * Level 3.0 Spellcasting
 * Level 1.9 Conjurations
 - Level 0.7 Transmutations
 * Level 4.7 Earth Magic


You had 3 spell levels left.
You knew the following spells:

 Your Spells              Type           Power      Damage    Failure   Level
a - Sandblast             Erth           36%        2d10      1%          1
b - Stone Arrow           Conj/Erth      40%        3d9       7%          3
c - Swiftness             Air            2%         N/A       26%         3

Your spell library contained the following spells:

 Spells                   Type           Power      Damage    Failure   Level
 Passwall                 Tmut/Erth      9%         N/A       4%          2
 Shock                    Conj/Air       32%        1d5       6%          1
 Pain                     Necr           8%         1d4       9%          1
 Corpse Rot               Necr/Air       N/A        N/A       14%         2
 Poisonous Vapours        Pois/Air       4%         N/A       14%         2
 Petrify                  Tmut/Erth      11%        N/A       28%         4
 Airstrike                Air            1%         N/A       63%         4
 Freezing Cloud           Conj/Ice/Air   3%         6-21      86%         5
 Agony                    Necr           2%         N/A       91%         5
 Excruciating Wounds      Necr           1%         N/A       91%         5


Dungeon Overview and Level Annotations

Branches:
Dungeon (4/15)
 Temple: D:4-7

Altars:
Cheibriados
Gozag
Qazlal
Trog

Annotations:
D:4 Blork the orc


Innate Abilities, Weirdness & Mutations

You are immune to sickness and miasma.
Your stone body is resilient. (AC +4)
You are immune to poison.
You resist negative energy. (rN+)
You are resistant to electric shocks. (rElec)
You are resistant to unholy torment.
You are immune to petrification.


Message History

Blork the orc gestures at you while chanting.
The puff of frost hits you.
Casting: Stone Arrow (quite dangerous; 7% risk of failure)
Confirm with . or Enter, or press ? or * to list all spells.
The spell is quite dangerous to cast (7% risk of failure)!
Continue anyway?
Aiming: Stone Arrow (quite dangerous; 7% risk of failure)
Press: ? - help, Shift-Dir - straight line, f - Blork the orc
Aim: Blork the orc, wielding a +0 flail and wearing a +0 robe (75% to hit)
You feel a surge of power!
The stone arrow hits Blork the orc!!
Blork the orc is heavily wounded.
Blork the orc gestures at you while chanting.
The puff of flame hits you.
Casting: Stone Arrow (quite dangerous; 7% risk of failure)
Confirm with . or Enter, or press ? or * to list all spells.
The spell is quite dangerous to cast (7% risk of failure)!
Continue anyway?
Aiming: Stone Arrow (quite dangerous; 7% risk of failure)
Press: ? - help, Shift-Dir - straight line, f/p - Blork the orc
Aim: Blork the orc, wielding a +0 flail and wearing a +0 robe (heavily wounded, 75% to hit)
You feel a surge of power!
The stone arrow hits Blork the orc!
Blork the orc is almost dead.
Casting: Stone Arrow (quite dangerous; 7% risk of failure)
Confirm with . or Enter, or press ? or * to list all spells.
The spell is quite dangerous to cast (7% risk of failure)!
Continue anyway?
Aiming: Stone Arrow (quite dangerous; 7% risk of failure)
Press: ? - help, Shift-Dir - straight line, f/p - Blork the orc
Aim: Blork the orc, wielding a +0 flail and wearing a +0 robe (almost dead, 75% to hit)
You feel a surge of power!
The stone arrow misses Blork the orc.
You hit Blork the orc.
Blork the orc is almost dead.
Blork the orc hits you with a +0 flail!
Unknown command.
Blork the orc gestures at you while chanting.
The magic dart hits you but does no damage.
Blork the orc gestures wildly while chanting.
Blork the orc seems to speed up.
Things that are here:
a +0 ring mail; a +0 morningstar Blork the orc gestures at you while chanting.
The puff of flame hits you!
You die...

#..##.####.###.....#..##...##
#.. #.##..(..........)<# #.#
#.........[........# #.
####.......###..)..# #.
##.............## #
#o...#####..### #[#.## #...
##.### ##.## ######[@.####
#.# .......#....# #..
######...##.# ##.###.#####.#
#<# #.......# #.# #########
#.. ##.# .#


You could see Blork the orc (fast).

Vanquished Creatures
  An orc priest (D:4)
  An orc wizard (D:4)
  2 hound skeletons (D:4)
  A gnoll (D:2)
  3 adders
  2 worms (D:2)
  A dart slug (D:1)
  7 orcs
  2 ball pythons
  5 bats
  4 endoplasms
  2 giant cockroaches (D:2)
  A goblin (D:1)
  4 hobgoblins
  6 jackals
  5 quokkas
  A frilled lizard (D:3)
  6 kobolds
  5 rats
59 creatures vanquished.

Notes
Turn   | Place    | Note
-------+----------+-------------------------------------------
     0 | D:1      | Kaptain the Gargoyle Earth Elementalist began the quest for
                  | the Orb.
     0 | D:1      | Reached XP level 1. HP: 10/10 MP: 3/3
   214 | D:1      | Reached XP level 2. HP: 15/15 MP: 3/5
   562 | D:1      | Found a faded altar of an unknown god.
  1113 | D:2      | Reached skill level 4 in Earth Magic
  1118 | D:2      | Reached XP level 3. HP: 16/20 MP: 0/6
  1184 | D:2      | Learned a level 3 spell: Stone Arrow
  1191 | D:2      | Found a stormy altar of Qazlal.
  1593 | D:2      | Reached XP level 4. HP: 13/24 MP: 7/7
  1974 | D:3      | Reached skill level 1 in Fighting
  1974 | D:3      | Reached skill level 1 in Armour
  2019 | D:3      | Learned a level 3 spell: Swiftness
  2153 | D:3      | Found an opulent altar of Gozag.
  2159 | D:3      | Found an opulent altar of Gozag.
  2159 | D:3      | Found an opulent altar of Gozag.
  2168 | D:3      | Found an opulent altar of Gozag.
  2171 | D:3      | Reached skill level 1 in Conjurations
  2530 | D:3      | Found a bloodstained altar of Trog.
  3064 | D:4      | Reached XP level 5. HP: 20/29 MP: 2/9
  3565 | D:4      | Noticed Blork the orc
  3566 | D:4      | Found a snail-covered altar of Cheibriados.
  3586 | D:4      | Killed from afar by Blork the orc

Illustrated notes

Levels and vault maps discovered:
D:1:      beargit_arrival_diablo_church, layout_loops_ring,
          shapermc_ecumenical_altar_mp_urbaneastern, amethyst_killhole
D:2:      layout_basic, basic_altar, minmay_increasing_density
D:3:      layout_basic, nicolae_gozag_conspicuous_consumption,
          mainiacjoe_overflow_concentric_impassable, roderic_cross_of_infinity
D:4:      layout_loops_ring, nicolae_uskayaw_suspiria, slow_altar_1,
          uniq_blork_the_orc, uniq_edmund, uniq_eustachio

Skill      XL: |  1  2  3  4  5 |
---------------+----------------+-----
Earth Magic    | 4 |  4.7
Fighting       | 1 |  1.3
Armour         | 1 |  1.5
Conjurations   | 1 |  1.9
Dodging        | 2 |  2.1
Spellcasting   | 3 |  3.0
Stealth        | 3 |  3.0
Transmutations | |  0.7

Action                   |  1- 3 |  4- 6 || total
-------------------------+-------+-------++-------
Melee: Mace              |     9 |       ||     9
       Staff             |    13 |    69 ||    82
 Cast: Sandblast         |    36 |    13 ||    49
       Stone Arrow       |       |    20 ||    20
  Use: Scroll            |     2 |       ||     2
 Stab: Sleeping          |     2 |       ||     2
Armor: Robe              |     2 |       ||     2
       Leather armour    |     2 |    42 ||    44
Dodge: Dodged            |    20 |    49 ||    69
